 Dungeon Crawl Stone Soup version 0.22.1-1-ga44c0e5 (webtiles) character file.

195866 Lavandula the Severer (level 17, -19/219 HPs)
             Began as a Centaur Berserker on Nov 10, 2018.
             Was a High Priest of Trog.
             Demolished by an azure jelly (30 damage)
             ... on level 1 of the Pits of Slime.
             The game lasted 01:56:15 (16981 turns).

Lavandula the Severer (Centaur Berserker)          Turns: 16981, Time: 01:56:15

Health: -19/219    AC: 16    Str: 29    XL:     17   Next: 32%
Magic:  15/15      EV: 13    Int:  9    God:    Trog [*****.]
Gold:   1112       SH:  0    Dex: 12    Spells: 16/16 levels left

rFire    + . .     SeeInvis .   y - +2 battleaxe (freeze)
rCold    . . .     Gourm    .   (shield currently unavailable)
rNeg     . . .     Faith    .   t - +2 ring mail {MR+}
rPois    +         Spirit   .   z - +2 helmet {Int+3}
rElec    .         Reflect  .   S - +0 cloak
rCorr    +         Harm     .   (no gloves)
MR       ++...     Clarity  +   (no barding) Stlth ..........NoTele +
                                k - amulet of the acrobat
HPRegen  0.46/turn              a - ring of resist corrosion
MPRegen  0.14/turn              L - ring "Ofiedozu" {-Tele *Corrode rPois rF+ Slay+5}

@: berserking, heavily drained, very quick
A: large, hooves 3, thin metallic scales 1, clarity, deformed body,
deterioration 1, speed 2, low mp 1, tough skin 3
}: 2/15 runes: serpentine, barnacled
a: Berserk, Trog's Hand, Brothers in Arms, Renounce Religion


You were on level 1 of the Pits of Slime.
You worshipped Trog.
Trog was extremely pleased with you.
You were not hungry.

You visited 6 branches of the dungeon, and saw 29 of its levels.
You also visited: Ossuary and Ice Cave.

You collected 2708 gold pieces.
You spent 1596 gold pieces at shops.

Inventory:

Hand Weapons
 w - a +1 executioner's axe of chopping
 y - a +2 battleaxe of freezing (weapon)
Missiles
 d - 21 poisoned javelins
 h - 3 javelins of penetration (quivered)
 x - 8 throwing nets
Armour
 t - a +2 ring mail of magic resistance (worn)
 z - a +2 helmet of intelligence (worn)
 B - +5 fire dragon scales
 Q - a +0 troll leather armour
 S - a +0 cloak (worn)
Jewellery
 a - a ring of resist corrosion (left hand)
 b - the ring "Ishreexung" {rF+ MR+ AC+2 Dex+2}
   (You found it on level 4 of the Shoals)

   [ring of protection]

   It affects your AC (+2).
   It affects your dexterity (+2).
   It protects you from fire.
   It affects your resistance to hostile enchantments.
 e - an uncursed ring of protection from cold
 k - an amulet of the acrobat (around neck)
 L - the ring "Ofiedozu" (right hand) {-Tele *Corrode rPois rF+ Slay+5}
   (You bought it in a shop on level 8 of the Dungeon)

   [ring of protection from fire]

   It affects your accuracy and damage with ranged weapons and melee attacks
   (+5).
   It protects you from fire.
   It protects you from poison.
   It prevents most forms of teleportation.
   It may corrode you when you take damage.
 R - the amulet of Ekasyv {RegenMP rC+ MR- MP+9 Str+3}
   (You bought it in a shop on level 1 of the Orcish Mines)

   [amulet of magic regeneration]

   It increases your magic regeneration.
   It affects your strength (+3).
   It protects you from cold.
   It affects your resistance to hostile enchantments.
   It affects your magic capacity (+9).
 U - the ring "Xapor" {*Drain rElec EV+3 Str-3 SInv}
   (You bought it in a shop on level 2 of the Orcish Mines)

   [ring of evasion]

   It affects your evasion (+3).
   It affects your strength (-3).
   It insulates you from electricity.
   It lets you see invisible.
   It causes draining when unequipped.
 V - an uncursed ring of positive energy
Wands
 o - a wand of paralysis (13)
 A - a wand of acid (15)
 D - a wand of flame (22)
 H - a wand of iceblast (3)
 K - a wand of clouds (1)
 N - a wand of polymorph (36)
Scrolls
 g - 7 scrolls of remove curse
 j - 2 scrolls of vulnerability
 n - 3 scrolls of fear
 q - 5 scrolls of enchant weapon
 r - 3 scrolls of teleportation
 v - 3 scrolls of magic mapping
 E - 3 scrolls of immolation
 J - 2 scrolls of holy word
 Z - 2 scrolls of blinking
Potions
 l - 6 potions of berserk rage
 m - 5 potions of agility
 p - 4 potions of haste
 u - 10 potions of curing
 C - 6 potions of heal wounds
 F - 2 potions of flight {unknown}
 G - 4 potions of might {unknown}
 M - 2 potions of ambrosia {unknown}
 O - 3 potions of invisibility {unknown}
 X - 5 potions of magic {unknown}
 Y - 4 potions of lignification {unknown}
Miscellaneous
 I - a lamp of fire
 P - a phial of floods
 T - a phantom mirror
Comestibles
 c - 22 rations


   Skills:
 - Level 12.1(10.1) Fighting
 + Level 20.3(17.9) Axes
 - Level 10.3(8.4) Armour
 - Level 10.1(8.2) Dodging


You had 16 spell levels left.
You didn't know any spells.
Your spell library contained the following spells:

 Spells                   Type           Power        Failure   Level  Hunger
 Animate Skeleton         Necr           N/A          50%         1    ##.....
 Apportation              Tloc           #.....       50%         1    ##.....
 Beastly Appendage        Tmut           #.....       50%         1    ##.....
 Confusing Touch          Hex            #.....       50%         1    ##.....
 Freeze                   Ice            #...         50%         1    ##.....
 Magic Dart               Conj           #...         50%         1    ##.....
 Shock                    Conj/Air       #...         50%         1    ##.....
 Summon Small Mammal      Summ           #...         50%         1    ##.....
 Blink                    Tloc           N/A          63%         2    ###....
 Call Imp                 Summ           #.......     63%         2    ###....
 Passwall                 Tmut/Erth      #.......     63%         2    ###....
 Searing Ray              Conj           #.....       63%         2    ###....
 Slow                     Hex            #.......     63%         2    ###....
 Sticks to Snakes         Tmut           #.......     63%         2    ###....
 Swiftness                Chrm/Air       #.......     63%         2    ###....
 Throw Frost              Conj/Ice       #.....       63%         2    ###....
 Conjure Flame            Conj/Fire      #.......     86%         3    ####...
 Dazzling Spray           Conj/Hex       #.....       86%         3    ####...
 Mephitic Cloud           Conj/Pois/Air  #.......     86%         3    ####...
 Spider Form              Tmut/Pois      #.........   86%         3    ####...
 Stone Arrow              Conj/Erth      #.....       86%         3    ####...
 Force Lance              Conj/Tloc      #.......     99%         4    #####..
 Fulminant Prism          Conj/Hex       #.........   99%         4    #####..
 Ice Form                 Ice/Tmut       #.......     99%         4    #####..
 Iskenderun's Mystic Bla  Conj           #.......     99%         4    #####..
 Passage of Golubria      Tloc           N/A          99%         4    #####..
 Blade Hands              Tmut           #.........   100%        5    ######.
 Bolt of Draining         Conj/Necr      #.........   100%        5    ######.
 Bolt of Magma            Conj/Fire/Erth #.........   100%        5    ######.
 Iskenderun's Battlesphe  Conj/Chrm      #.......     100%        5    ######.
 Lee's Rapid Deconstruct  Erth           #.........   100%        5    ######.
 Metabolic Englaciation   Hex/Ice        #.........   100%        5    ######.
 Venom Bolt               Conj/Pois      #.........   100%        5    ######.
 Bolt of Cold             Conj/Ice       #.........   100%        6    #######
 Conjure Ball Lightning   Conj/Air       #.........   100%        6    #######
 Darkness                 Hex            #.........   100%        6    #######
 Freezing Cloud           Conj/Ice/Air   #.........   100%        6    #######
 Invisibility             Hex            #.......     100%        6    #######
 Iron Shot                Conj/Erth      #.........   100%        6    #######
 Ozocubu's Refrigeration  Ice            #.........   100%        6    #######
 Simulacrum               Ice/Necr       #.........   100%        6    #######
 Orb of Destruction       Conj           #.........   100%        7    #######
 Spellforged Servitor     Conj/Summ      #.........   100%        7    #######


Dungeon Overview and Level Annotations

Branches:
Dungeon (11/15)              Lair (6/6) D:9          Shoals (4/4) Lair:2
  Snake (4/4) Lair:4        Slime (2/5) Lair:5          Orc (2/2) D:11
    Elf (0/3) Orc:2
 Temple: D:4-7

Altars:
Ashenzari
Dithmenos
Fedhas
Kikubaaqudgha
Nemelex Xobeh
Uskayaw
Wu Jian
Xom
Yredelemnul
Zin

Shops:
D:8 =   D:10 (   Orc:1 *   Orc:2 =:(=   Snake:3 *

Annotations:
Snake:3 exclusion: Roxanne, Roxanne


Innate Abilities, Weirdness & Mutations

You have hooves in place of feet.
Armour fits poorly on your strangely shaped body.
You cover ground very quickly.
You have extremely tough skin. (AC +3)
You are partially covered in thin metallic scales. (AC +2)
You possess an exceptional clarity of mind.
Your body sometimes deteriorates upon taking damage.
Your magical capacity is low. (-10% MP)


Message History

A slime creature comes into view.
The slime creature quivers.
A slime creature comes into view.
A red film seems to cover your vision as you go berserk!
You feel yourself moving faster!
You feel mighty!
You feel a lot more hungry.
A slime creature comes into view.
Unknown command.
You barely miss the azure jelly.
The slime creature quivers.
Your kick misses the azure jelly.
The azure jelly is almost dead.
You slash the slime creature! You freeze the slime creature.
The azure jelly hits you!
* * * LOW HITPOINT WARNING * * *
The azure jelly freezes you!!!
* * * LOW HITPOINT WARNING * * *
The azure jelly hits you.
* * * LOW HITPOINT WARNING * * *
The azure jelly freezes you!!
You die...

#... .... ... ......
..## .......##...
........#.#.# ..#
............#### ....
.............#.##J..#
...........@J....J...
...........J........
G..................
...........^...##.#
#......>........###
.................#
.........#.....<.#
..................#
#.....#...........#


You could see an azure jelly and 3 slime creatures.

Vanquished Creatures
  The ghost of Baraojil the Wallflower, an adept NaGl of Uskayaw (Shoals:1)
  8 nagarajas
  Ilsuiw (Shoals:4)
  An orc warlord (Orc:1)
  Louise (Shoals:1)
  The ghost of Byri the Imperceptible, an adept SpEn of Dithmenos (Shoals:1)
  The ghost of Frank the Blocker, a journeyman GrFi of Makhleb (Shoals:1)
  The ghost of delarado the Eclecticist, a journeyman DEFE of Vehumet (Shoals:1)
  Azrael (Snake:3)
  The ghost of ThisFiasco the Imperceptible, a journeyman SpEn of Dithmenos (Shoals:1)
  5 merfolk javelineers (Shoals:4)
  A fire dragon (Lair:6)
  7 merfolk impalers
  5 hydras
  11 naga warriors
  Erica (D:8)
  7 anacondas
  A merfolk aquamancer (Shoals:4)
  3 two-headed ogres
  A merfolk avatar (Shoals:4)
  3 death yaks (Lair:6)
  3 satyrs
  3 orc high priests (Orc:2)
  5 naga sharpshooters
  6 shock serpents
  24 sea snakes
  5 naga ritualists
  A lindwurm (Lair:6)
  5 harpies (Shoals:4)
  4 orc knights (Orc:2)
  6 mana vipers
  4 ugly things
  5 orc sorcerers
  9 manticores
  19 salamanders
  11 fauns
  7 guardian serpents
  31 black mambas
  6 elephants (Lair:6)
  3 molten gargoyles (Lair:6)
  7 merfolk sirens
  10 water nymphs
  2 ice statues (IceCv)
  11 naga magi
  5 spiny frogs
  A centaur skeleton (D:11)
  A rime drake (Lair:4)
  9 komodo dragons
  6 trolls
  A polar bear (Lair:2)
  23 merfolk
  8 hippogriffs
  Grinder (D:3)
  16 dream sheep
  3 snapping turtles (Shoals:2)
  A spriggan (D:7)
  A wraith (D:10)
  Eustachio (D:6)
  8 water elementals (Shoals:4)
  2 wyverns (Lair:6)
  30 yaks
  4 fire elementals (Snake:3)
  2 basilisks (Lair:6)
  A hungry ghost (D:9)
  A steam dragon (Lair:6)
  3 wargs
  A swamp worm (Snake:3)
  47 nagas
  6 porcupines
  6 hell hounds
  8 water moccasins
  16 ice beasts
  23 orc warriors
  A phantom (D:9)
  3 sky beasts
  A necrophage (D:10)
  A hornet zombie (D:10)
  2 eyes of draining
  10 ogres
  3 crocodiles
  5 centaurs
  A big kobold (D:10)
  14 bullfrogs
  A gnoll sergeant (D:8)
  A wyvern skeleton (D:6)
  A wyvern zombie (D:8)
  A scorpion (D:8)
  4 killer bees (D:9)
  8 wights
  3 howler monkeys (D:10)
  2 electric eels (Lair:2)
  3 crimson imps
  A quasit (D:11)
  5 lava snakes (Lair:6)
  12 jellies
  16 orc priests
  3 hounds
  16 orc wizards
  2 iguanas
  Terence (D:2)
  7 worker ants
  3 mummies (Ossuary)
  A worker ant zombie (D:9)
  Robin (D:2)
  8 gnolls
  10 adders
  3 shadow imps
  3 white imps (Lair:5)
  3 oozes
  3 adder zombies (Ossuary)
  A dart slug (D:1)
  3 leopard geckos
  90 orcs
  3 giant cockroaches
  12 goblins
  10 hobgoblins
  13 jackals
  4 quokkas
  4 ball pythons
  7 bats
  3 frilled lizards
  5 goblin zombies (Ossuary)
  4 hobgoblin zombies (Ossuary)
  9 kobolds
  A kobold zombie (Ossuary)
  2 quokka skeletons
  A quokka zombie (Ossuary)
  12 rats
  4 rat zombies (Ossuary)
  3 fungi
  4 plants
842 creatures vanquished.

Vanquished Creatures (collateral kills)
  Harold (D:8)
  An anaconda (Snake:1)
  2 manticores (Shoals:4)
  2 mana vipers (Snake:1)
  An ice statue (IceCv)
  2 merfolk (Shoals:4)
  A snapping turtle (Shoals:4)
  An orc warrior (D:8)
  An orc (D:8)
12 creatures vanquished.

Vanquished Creatures (others)
  A basilisk (Lair:6)
  A fungus (Lair:5)
  2 plants
  A withered plant (D:8)
5 creatures vanquished.

Grand Total: 859 creatures vanquished

Notes
Turn   | Place    | Note
-------+----------+-------------------------------------------
     0 | D:1      | Lavandula the Centaur Berserker began the quest for the
                  | Orb.
     0 | D:1      | Reached XP level 1. HP: 19/19 MP: 1/1
    56 | D:1      | Reached skill level 3 in Axes
    64 | D:1      | Reached XP level 2. HP: 26/26 MP: 2/2
   238 | D:2      | Noticed Robin
   240 | D:2      | Reached XP level 3. HP: 31/31 MP: 3/3
   240 | D:2      | Noticed Terence
   242 | D:2      | Reached ** piety under Trog
   246 | D:2      | Reached skill level 4 in Axes
   247 | D:2      | Killed Terence
   252 | D:2      | Killed Robin
   252 | D:2      | Reached XP level 4. HP: 16/38 MP: 4/4
   451 | D:3      | Reached skill level 5 in Axes
   557 | D:3      | Reached XP level 5. HP: 45/45 MP: 5/5
   559 | D:3      | Noticed an orc warrior
   753 | D:3      | Reached *** piety under Trog
   847 | D:3      | Noticed Grinder
   859 | D:3      | Killed Grinder
   859 | D:3      | Reached skill level 6 in Axes
   859 | D:3      | Reached XP level 6. HP: 51/51 MP: 6/6
   862 | D:3      | Reached skill level 7 in Axes
   980 | D:4      | Received a gift from Trog
   980 | D:4      | Reached XP level 7. HP: 57/57 MP: 7/7
  1259 | D:5      | Entered Level 5 of the Dungeon
  1719 | D:5      | Reached skill level 8 in Axes
  1763 | D:5      | Identified the Catalogue of Glacial Battle Magic
  1797 | D:7      | Found a glowing silver altar of Zin.
  1905 | D:7      | Found a sand-covered staircase.
  1909 | Ossuary  | Entered an ossuary
  2076 | Ossuary  | Gained mutation: Scrolls take you a little longer to read.
                  | [potion of mutation]
  2076 | Ossuary  | Gained mutation: You are frail. (-10% HP) [potion of
                  | mutation]
  2076 | Ossuary  | Gained mutation: You possess an exceptional clarity of
                  | mind. [potion of mutation]
  2077 | Ossuary  | Lost mutation: You are frail. (-10% HP) [potion of
                  | mutation]
  2077 | Ossuary  | Gained mutation: You are frail. (-10% HP) [potion of
                  | mutation]
  2077 | Ossuary  | Gained mutation: Your system is resistant to poisons.
                  | (rPois) [potion of mutation]
  2078 | Ossuary  | Lost mutation: Your system is resistant to poisons. (rPois)
                  | [potion of mutation]
  2078 | Ossuary  | Lost mutation: Scrolls take you a little longer to read.
                  | [potion of mutation]
  2078 | Ossuary  | Lost mutation: You are frail. (-10% HP) [potion of
                  | mutation]
  2078 | Ossuary  | Gained mutation: Your magical capacity is low. (-10% MP)
                  | [potion of mutation]
  2078 | Ossuary  | Gained mutation: Your body sometimes deteriorates upon
                  | taking damage. [potion of mutation]
  2078 | Ossuary  | Gained mutation: You are partially covered in thin metallic
                  | scales. (AC +2) [potion of mutation]
  2119 | D:8      | Reached skill level 9 in Axes
  2119 | D:8      | Reached XP level 8. HP: 27/63 MP: 7/7
  2125 | D:8      | Reached **** piety under Trog
  2423 | D:8      | Noticed a two-headed ogre
  2438 | D:8      | Killed a two-headed ogre
  2438 | D:8      | Reached skill level 11 in Axes
  2438 | D:8      | Reached XP level 9. HP: 49/69 MP: 1/8
  2493 | D:8      | Noticed Erica
  2531 | D:8      | Killed Erica
  2531 | D:8      | Reached skill level 12 in Axes
  2778 | D:6      | Noticed Eustachio
  2798 | D:6      | Killed Eustachio
  2862 | D:6      | Reached XP level 10. HP: 38/77 MP: 9/9
  3124 | D:8      | Found Ulesh's Jewellery Shop.
  3133 | D:8      | Noticed Harold
  3142 | D:8      | Killed Harold
  3157 | D:8      | Reached skill level 5 in Dodging
  3211 | D:9      | Found a staircase to the Lair.
  3285 | D:8      | Found an ancient bone altar of Kikubaaqudgha.
  3287 | D:8      | Found a blossoming altar of Fedhas.
  3365 | D:9      | Found a shadowy altar of Dithmenos.
  3654 | D:9      | Found an ornate altar of the Wu Jian Council.
  3673 | D:10     | Entered Level 10 of the Dungeon
  3815 | D:10     | Reached skill level 5 in Fighting
  3923 | D:9      | Found a hide-covered altar of Uskayaw.
  3923 | D:9      | Found a basalt altar of Yredelemnul.
  3938 | D:9      | Found a shattered altar of Ashenzari.
  3946 | D:9      | Reached ***** piety under Trog
  3960 | D:9      | Found a shimmering altar of Xom.
  3961 | D:9      | Found a faded altar of an unknown god.
  4102 | D:10     | Found Pecieh's Antique Weapon Shoppe.
  4573 | D:11     | Noticed a brown ugly thing
  4584 | D:11     | Killed a brown ugly thing
  4584 | D:11     | Reached XP level 11. HP: 78/88 MP: 9/9
  4663 | D:11     | Found a staircase to the Orcish Mines.
  4743 | D:11     | Noticed a two-headed ogre
  4792 | D:11     | Noticed a six-headed hydra
  4816 | D:11     | Killed a six-headed hydra
  4825 | D:11     | Killed a two-headed ogre
  4825 | D:11     | Reached skill level 5 in Armour
  4903 | D:8      | Bought the ring "Ofiedozu" {-Tele *Corrode rPois rF+
                  | Slay+5} for 552 gold pieces
  4947 | D:11     | Noticed a two-headed ogre
  4961 | D:11     | Killed a two-headed ogre
  4993 | D:11     | Noticed a brown ugly thing
  5020 | D:11     | Killed a brown ugly thing
  5033 | D:11     | Received a gift from Trog
  5101 | Orc:1    | Entered Level 1 of the Orcish Mines
  5101 | Orc:1    | Found Inidotist's Assorted Antiques.
  5194 | Orc:1    | Bought a scroll labeled ARATORRAPEBB for 29 gold pieces
  5194 | Orc:1    | Bought a scroll labeled VUSTRI NYSOO for 29 gold pieces
  5194 | Orc:1    | Bought a twitching silver amulet for 145 gold pieces
  5194 | Orc:1    | Identified the amulet of Ekasyv {RegenMP rC+ MR- MP+9
                  | Str+3} (You bought it in a shop on level 1 of the Orcish
                  | Mines)
  5203 | Orc:1    | Noticed an orc sorcerer
  5224 | Orc:1    | Killed an orc sorcerer
  5224 | Orc:1    | Reached skill level 13 in Axes
  5392 | Orc:1    | Noticed an orc sorcerer
  5401 | Orc:1    | Killed an orc sorcerer
  5568 | Orc:1    | Noticed an orc warlord
  5579 | Orc:1    | Killed an orc warlord
  5810 | Orc:2    | Entered Level 2 of the Orcish Mines
  5810 | Orc:2    | Found a staircase to the Elven Halls.
  5907 | Orc:2    | Reached XP level 12. HP: 72/96 MP: 10/10
  5913 | Orc:2    | Reached skill level 14 in Axes
  6472 | Orc:2    | Received a gift from Trog
  6561 | Orc:2    | Noticed an orc high priest
  6709 | Orc:2    | Killed an orc high priest
  6720 | Orc:2    | Noticed an orc high priest
  6723 | Orc:2    | Noticed an orc high priest
  6728 | Orc:2    | Killed an orc high priest
  6730 | Orc:2    | Reached skill level 15 in Axes
  6738 | Orc:2    | Killed an orc high priest
  6857 | Orc:2    | Found Unekoul's Jewellery Emporium.
  6857 | Orc:2    | Found Xelomowuir's Jewellery Boutique.
  6869 | Orc:2    | Found Zaicakeph's Book Boutique.
  6869 | Orc:2    | Found Luzxaor's Antique Weapon Emporium.
  6882 | Orc:2    | Bought the ring "Xapor" {*Drain rElec EV+3 Str-3 SInv} for
                  | 354 gold pieces
  7071 | Lair:1   | Entered Level 1 of the Lair of Beasts
  7364 | Lair:2   | Noticed a five-headed hydra
  7495 | Lair:2   | Reached skill level 16 in Axes
  7515 | Lair:2   | Killed a five-headed hydra
  7780 | Lair:5   | Reached XP level 13. HP: 90/102 MP: 11/11
  7908 | Lair:6   | Entered Level 6 of the Lair of Beasts
  7908 | Lair:6   | Found a sparkling altar of Nemelex Xobeh.
  8106 | Lair:6   | Found a frozen archway.
  8174 | IceCv    | Entered an ice cave
  8382 | IceCv    | Got a pitted hunting sling
  8521 | Lair:6   | Identified the +3 hunting sling "Letas" {speed, rF++} (You
                  | found it in an ice cave)
  8664 | Lair:6   | Noticed a fire dragon
  8665 | Lair:6   | Found a large runed door.
  8738 | Lair:6   | Found a large runed door.
  8747 | Lair:6   | Reached skill level 10 in Fighting
  9040 | Lair:6   | Killed a fire dragon
  9138 | Lair:5   | Reached XP level 14. HP: 59/124 MP: 12/12
  9449 | Lair:4   | Found a staircase to the Snake Pit.
  9704 | Lair:2   | Found a staircase to the Shoals.
  9785 | Shoals:1 | Entered Level 1 of the Shoals
  9852 | Shoals:1 | Found a runed gate.
  9852 | Shoals:1 | Found a runed gate.
  9852 | Shoals:1 | Found a runed gate.
  9857 | Shoals:1 | Noticed Byri's ghost (adept SpEn)
  9857 | Shoals:1 | Noticed Baraojil's ghost (adept NaGl)
  9857 | Shoals:1 | Noticed ThisFiasco's ghost (journeyman SpEn)
  9857 | Shoals:1 | Noticed Frank's ghost (journeyman GrFi)
  9857 | Shoals:1 | Noticed delarado's ghost (journeyman DEFE)
 10207 | Shoals:1 | Noticed Louise
 10480 | Shoals:4 | Entered Level 4 of the Shoals
 10699 | Shoals:4 | Reached skill level 10 in Armour
 11074 | Shoals:4 | Noticed Ilsuiw
 11082 | Shoals:4 | Reached XP level 15. HP: 103/132 MP: 13/13
 11090 | Shoals:4 | Received a gift from Trog
 11098 | Shoals:4 | Killed Ilsuiw
 11257 | Shoals:4 | Reached skill level 17 in Axes
 11967 | Shoals:4 | Reached skill level 18 in Axes
 12011 | Shoals:4 | Got a barnacled rune of Zot
 12245 | Shoals:4 | Got a slimy steel ring
 12247 | Shoals:4 | Identified the ring "Ishreexung" {rF+ MR+ AC+2 Dex+2} (You
                  | found it on level 4 of the Shoals)
 12464 | Shoals:1 | Killed ThisFiasco's ghost
 12470 | Shoals:1 | Killed delarado's ghost
 12479 | Shoals:1 | Killed Frank's ghost
 12526 | Shoals:1 | Killed Baraojil's ghost
 12588 | Shoals:1 | Killed Byri's ghost
 12594 | Shoals:1 | Identified Pofa's Tome of Excruciating Flames
 12670 | Shoals:1 | Killed Louise
 12738 | Snake:1  | Entered Level 1 of the Snake Pit
 13063 | Snake:3  | Noticed Azrael
 13080 | Snake:3  | Reached skill level 19 in Axes
 13088 | Snake:3  | Reached XP level 16. HP: 139/139 MP: 14/14
 13092 | Snake:3  | Killed Azrael
 13647 | Snake:2  | Received a gift from Trog
 14048 | Snake:3  | Reached skill level 20 in Axes
 14055 | Snake:3  | Found Turodet's Assorted Antiques.
 14110 | Snake:3  | Bought a smoky golden potion for 30 gold pieces
 14110 | Snake:3  | Bought 2 glowing coppery potions for 61 gold pieces
 14110 | Snake:3  | Bought a glass wand for 136 gold pieces
 14422 | Snake:3  | Noticed Roxanne
 14592 | Snake:4  | Entered Level 4 of the Snake Pit
 14873 | Snake:4  | Received a gift from Trog
 15340 | Snake:4  | Received a gift from Trog
 15553 | Snake:4  | Reached XP level 17. HP: 145/146 MP: 15/15
 15841 | Snake:4  | Received a gift from Trog
 16055 | Snake:4  | Reached skill level 10 in Dodging
 16102 | Snake:4  | Got a serpentine rune of Zot
 16602 | Orc:2    | Bought an uncursed ring of resist corrosion for 260 gold
                  | pieces
 16949 | Lair:5   | Found a staircase to the Slime Pits.
 16958 | Slime:1  | Entered Level 1 of the Pits of Slime
 16968 | Slime:2  | Noticed an acid blob
 16981 | Slime:1  | Demolished by an azure jelly

Skill      XL: |  1  2  3  4  5  6  7  8  9 10 11 12 13 14 15 16 17 |
---------------+----------------------------------------------------+-----
Axes           | 3 4 5 6 7 9 11 12 13 16 19 20 | 20.3
Dodging        | 3 6 9 10 | 10.1
Fighting       | 6 11 12 | 12.1
Armour         | 3 6 7 10 | 10.3

Action                   |  1- 3 |  4- 6 |  7- 9 | 10-12 | 13-15 | 16-18 || total
-------------------------+-------+-------+-------+-------+-------+-------++-------
Melee: Hand axe          |    41 |    97 |   136 |   189 |       |       ||   463
       Kick              |     7 |    22 |    38 |   193 |   296 |   169 ||   725
       Spear             |       |    12 |    33 |    42 |     1 |       ||    88
       Whip              |       |       |    23 |    17 |       |       ||    40
       War axe           |       |       |       |   393 |   753 |       ||  1146
       Halberd           |       |       |       |     4 |       |       ||     4
       Battleaxe         |       |       |       |       |   200 |   473 ||   673
 Fire: Hunting sling     |       |       |    12 |       |    14 |       ||    26
Throw: Javelin           |       |       |    13 |    17 |     8 |     5 ||    43
       Throwing net      |       |       |       |     1 |       |       ||     1
Invok: Berserk           |     3 |     4 |     9 |    23 |    27 |    19 ||    85
       Trog's Hand       |       |     1 |     3 |    18 |    44 |    11 ||    77
       Brothers in Arms  |       |       |       |     1 |     4 |       ||     5
Evoke: Wand              |       |       |     5 |     6 |     6 |     7 ||    24
       Phial of floods   |       |       |       |       |     2 |       ||     2
       Lamp of fire      |       |       |       |       |       |     1 ||     1
  Use: Scroll            |       |     1 |    10 |     9 |    10 |     5 ||    35
       Potion            |       |       |     3 |     1 |       |       ||     4
 Stab: Held in net/web   |       |       |       |     1 |       |       ||     1
       Distracted        |       |       |       |       |     1 |       ||     1
       Confused          |       |       |       |       |     1 |       ||     1
  Eat: Chunk             |       |     6 |    12 |    30 |    48 |     4 ||   100
       Ration            |       |       |     1 |     4 |     3 |     9 ||    17
Armor: Animal skin       |    12 |     2 |       |       |       |       ||    14
       Scale mail        |       |    24 |       |       |       |       ||    24
       Ring mail         |       |    32 |    74 |   204 |    45 |     9 ||   364
       Troll leather arm |       |       |       |       |    16 |     5 ||    21
       Fire dragon scale |       |       |       |       |   238 |   146 ||   384
Dodge: Dodged            |    29 |    46 |    60 |   258 |   469 |   287 ||  1149
